cohdb
Replays
Latest Replays
All Replays
Popular Replays
Top Player Replays
Match Explorer
How It Works
Community
CoH3 Stats
Reddit
Sign in to upload your games and track your stats! →
Sign in with Steam
Match 47318836
Unlisted
Match 47318836
Overview
Messages
Build Orders
End
Kradschützen Motorcycle Team
Panzergrenadier Squad
Selects Panzerjäger Kommand Battlegroup
Selects Blockade Equipment
Panzerpioneer Squad
Construct Light Support Kompanie
Panzerjäger Squad
Fire Support Elements
2.5-tonne Medical Truck
Selects Defensive Positions
Flakvierling Half-track
Vehicle Survival Package
Forward Retreat Point
Selects Tank Busters
Panzerpioneer Squad
Construct Panzerarmee Kommand
Armored Reserves
Selects Butterfly Bomb Drop
Tungsten Core Ammunition
Otter
Грибобас
7
Khayyam
Corpse
Hugh Mann
0
0
Comments
sign in to comment!
No comments posted yet!